 Dungeon Crawl Stone Soup version 0.31-a0-232-gb1c03b2570 (webtiles) character file.

Game seed: 11612924173021003832

458 funkygono the Chopper (level 6, 0/53 HPs)
             Began as a Minotaur Fighter on July 7, 2023.
             Was an Initiate of Okawaru.
             Slain by a killer bee (2 damage)
             ... on level 5 of the Dungeon.
             The game lasted 00:06:44 (3327 turns).

funkygono the Chopper (Minotaur Fighter)            Turns: 3327, Time: 00:06:46

Health: 0/53       AC: 12    Str: 22    XL:     6   Next: 77%
Magic:  5/5        EV:  7    Int:  5    God:    Okawaru [......]
Gold:   142        SH:  8    Dex: 10    Spells: 5/5 levels left

rFire   + . .        a - +0 war axe
rCold   + . .        p - +0 kite shield
rNeg    . . .        n - +1 chain mail {rC+}
rPois   .            (helmet restricted)
rElec   .            (no cloak)
rCorr   .            (no gloves)
SInv    .            h - +0 pair of boots
Will    .....        (no amulet) Stlth
                     m - ring of protection from fire
HPRegen 0.28/turn    (no ring)
MPRegen 0.09/turn

%: no passive effects
@: lethally poisoned (0 -> -4)
A: horns 2, retaliatory headbutt
a: Renounce Religion


You were on level 5 of the Dungeon.
You worshipped Okawaru.
Okawaru was noncommittal.
You visited 2 branches of the dungeon, and saw 6 of its levels.

You collected 194 gold pieces.
You spent 52 gold pieces at shops.

Inventory:

Hand Weapons
 a - a +0 war axe (weapon)
Missiles
 b - 2 boomerangs
 f - 19 stones
 i - 5 poisoned darts
Armour
 h - a +0 pair of boots (worn)
 n - a +1 chain mail of cold resistance (worn)
 p - a +0 kite shield (worn)
Jewellery
 m - a ring of protection from fire (left hand)
 r - a ring of willpower
Scrolls
 c - a scroll of noise {unknown}
 u - a scroll of blinking
Potions
 d - 2 potions of might
 e - a potion of invisibility
 g - a potion of resistance
 k - 3 potions of haste
 l - 2 potions of mutation
 o - a potion of attraction
 s - 2 potions of heal wounds
 t - a potion of curing {unknown}


   Skills:
 + Level 4.6 Fighting
 + Level 6.0 Axes
 + Level 5.5 Armour
 + Level 0.2 Dodging
 + Level 5.2 Shields


You had 5 spell levels left.
You didn't know any spells.
Your spell library contained the following spells:

 Spells                   Type           Power      Damage    Failure   Level
 Sublimation of Blood     Necr           0%         N/A       100%        2
 Portal Projectile        Hex/Tloc       0%         N/A       100%        3
 Petrify                  Tmut/Erth      0%         N/A       100%        4
 Blade Hands              Tmut           0%         N/A       100%        5
 Irradiate                Conj/Tmut      0%         3d11      100%        5
 Tukima's Dance           Hex            Unusable   N/A       N/A         3

Dungeon Overview and Level Annotations

Branches:
Dungeon (5/15)             Temple (1/1) D:4

Altars:
Ashenzari
Dithmenos
Elyvilon
Fedhas
Gozag
Hepliaklqana
Kikubaaqudgha
Makhleb
Nemelex Xobeh
Okawaru
Qazlal
Ru
Sif Muna
Trog
Vehumet
Wu Jian
Xom

Shops:
D:2 ?


Innate Abilities, Weirdness & Mutations

You have a pair of horns on your head.
You reflexively headbutt those who attack you in melee.


Message History

You headbutt the killer bee!
The killer bee attacks as you move away!
You block the killer bee's attack.
The killer bee attacks as you move away!
The killer bee barely misses you. You furiously retaliate!
You headbutt the killer bee!
The killer bee attacks as you move away!
The killer bee stings you but does no damage.
Found a sedimented emerald potion.
The killer bee stings you.
* * * LOW HITPOINT WARNING * * *
You are poisoned.
The killer bee poisons you! You block the killer bee's attack.
The killer bee stings you but does no damage.
The killer bee attacks as you move away!
The killer bee stings you.
* * * LOW HITPOINT WARNING * * *
x2 You feel sick.
The killer bee stings you but does no damage.
The killer bee barely misses you. You furiously retaliate!
You headbutt the killer bee. The killer bee closely misses you.
There is a stone staircase leading up here.
Okay, then.
You feel much better.
You feel sick. The killer bee stings you. The killer bee stings you!
* * * LOW HITPOINT WARNING * * *
The hound barely misses you. The killer bee stings you.
* * * LOW HITPOINT WARNING * * *
The killer bee stings you but does no damage. x2
You block the killer bee's attack. The hound closely misses you.
Okay, then.
You feel sick. You block the killer bee's attack. x2
The killer bee stings you.
* * * LOW HITPOINT WARNING * * *
You block the killer bee's attack.
The howler monkey hoots and howls with incredible vigour!
The iguana hisses menacingly.
The hound misses you. The killer bee stings you.
* * * LOW HITPOINT WARNING * * *
The killer bee stings you.
You die...

##..##........o..o....
#....#..........lY.o..
.....#......o##..###..
##........Yo.####y....
...............##..... .
........l.............
...###......###..##.....
.......hyh..#...####....
.!.....@yS.5....# #.....
.......yy....<.## ##....
#......##..##...# #....
#...... #..###........##
.....). #.## ##.##.#
.....#. ..# ## # .....##
... ..... .#


You could see an ice beast, a howler monkey (catching breath), an iguana, a
hound, 4 killer bees, an adder, a white imp and 2 orcs.

Vanquished Creatures
  A bullfrog (D:4)
  A howler monkey (D:5)
  A hound (D:4)
  2 orc priests
  Terence (D:2)
  A sleepcap (D:4)
  3 orc wizards (D:3)
  5 adders
  An ufetubus (D:4)
  2 worms (D:2)
  6 dart slugs
  9 orcs
  3 ball pythons
  10 endoplasms
  2 giant cockroaches
  5 goblins
  7 hobgoblins
  6 kobolds
  3 quokkas
  4 bats
  10 frilled lizards
  2 rats
85 creatures vanquished.

Notes
Turn   | Place    | Note
-------+----------+-------------------------------------------
     0 | D:1      | funkygono the Minotaur Fighter began the quest for the Orb.
     0 | D:1      | Reached XP level 1. HP: 19/19 MP: 0/0
   215 | D:1      | Reached XP level 2. HP: 27/27 MP: 1/1
   528 | D:1      | Reached XP level 3. HP: 33/33 MP: 2/2
   611 | D:2      | Reached skill level 3 in Axes
   846 | D:2      | Noticed Terence
   853 | D:2      | Killed Terence
   854 | D:2      | Reached XP level 4. HP: 32/40 MP: 3/3
   880 | D:2      | You fall into a shaft and drop 2 floors!
  1239 | D:2      | Found Rih Wiam's Magic Scroll Shoppe.
  1248 | D:2      | Bought a scroll of identify for 26 gold pieces
  1248 | D:2      | Bought a scroll of identify for 26 gold pieces
  1288 | D:2      | Identified the +0 leather armour of Card Tricks {Rampage
                  | rF+++ Will+ Str-4}
  1605 | D:2      | Reached skill level 4 in Axes
  1605 | D:2      | Reached XP level 5. HP: 47/47 MP: 4/4
  1616 | D:3      | Reached skill level 5 in Armour
  1837 | D:3      | Found a blossoming altar of Fedhas.
  1911 | D:3      | Found a sacrificial altar of Ru.
  1915 | D:3      | Reached skill level 5 in Axes
  1915 | D:3      | Reached XP level 6. HP: 53/53 MP: 5/5
  2296 | D:4      | Reached skill level 5 in Shields
  2312 | D:4      | Found a staircase to the Ecumenical Temple.
  2347 | Temple   | Entered the Ecumenical Temple
  2376 | Temple   | Became a worshipper of Warmaster Okawaru
  2834 | D:4      | Found a hazy altar of Hepliaklqana.
  2921 | D:4      | Found a burning altar of Makhleb.
  3268 | D:5      | Entered Level 5 of the Dungeon
  3302 | D:5      | Noticed an ice beast
  3307 | D:5      | Reached skill level 6 in Axes
  3325 | D:5      | HP: 1/53 [poisoned by a killer bee]
  3327 | D:5      | Slain by a killer bee

Illustrated notes

Levels and vault maps discovered:
D:1:      nzn_arrival_water_spiral, layout_basic, minivault_27
D:2:      layout_rooms, serial_shops, nicolae_shop_just_a_little_nook,
          serial_rivers, chequers_serial_rivers_small_3,
          chequers_serial_rivers_small_b, chequers_serial_rivers_large_b,
          chequers_serial_rivers_large_a, minmay_cut_off, uniq_terence
D:3:      layout_rooms, nicolae_ru_sacrificial_ziggurat,
          mainiacjoe_overflow_six_doors_small, nicolae_figureground_pulse
D:4:      layout_basic, mainiacjoe_overflow_chevrons, general_overflow_altar,
          temple_pool_b
D:5:      layout_cave_pools, old_standard_altar, serial_shops,
          nicolae_shop_tiny_glass, shop, nicolae_shop_window_shopping,
          kennysheep_boxes
Temple:   nicolae_temple_bog_church

Skill      XL: |  1  2  3  4  5  6 |
---------------+-------------------+-----
Fighting       | 4 |  4.6
Shields        | 4 5 |  5.2
Axes           | 3 4 5 6 |  6.0
Armour         | 4 5 |  5.5
Dodging        | |  0.2

Action                     |  1- 3 |  4- 6 || total
---------------------------+-------+-------++-------
  Melee: War axe           |    67 |    95 ||   162
         Headbutt          |    11 |    11 ||    22
    Use: Scroll            |     1 |    11 ||    12
         Potion            |       |     1 ||     1
 Armour: Scale mail        |    14 |       ||    14
         Chain mail        |    11 |   108 ||   119
  Dodge: Dodged            |    32 |    47 ||    79
  Block: Buckler           |     9 |     2 ||    11
         Kite shield       |       |    41 ||    41

Table legend: (Time is in decaauts)
 A = Elapsed time spent in this place.
 B = Non-inter-level travel time spent in this place.
 C = Inter-level travel time spent in this place.
 D = Time resting spent in this place.
 E = Time spent auto-exploring this place.
 F = Levels seen in this place.
 G = Mean time per level.
                   A        B        C        D        E       F      G
               +--------+--------+--------+--------+--------+-----+--------+
         Total |   3435 |   3332 |    103 |      0 |   2635 |   6 |  572.5 |
       Dungeon |   3245 |   3161 |     84 |      0 |   2480 |   5 |  649.0 |
        Temple |    190 |    171 |     19 |      0 |    155 |   1 |  190.0 |
               +--------+--------+--------+--------+--------+-----+--------+

Top non-repeatable levels by time:
     D:4: 1132 daAuts
     D:2: 751 daAuts
     D:3: 675 daAuts
     D:1: 624 daAuts
  Temple: 190 daAuts
     D:5: 61 daAuts
